 Dungeon Crawl Stone Soup version 0.31-a0-1611-g890cdf5628 (webtiles) character file.

Game seed: 3239368252502001660

8684 NateTC the Basher (level 11, -8/74 HPs)
             Began as a Gargoyle Fighter on Jan 8, 2024.
             Was a High Priest of Okawaru.
             Mangled by Sonja
             ... wielding a +2 short sword of distortion
              (15 damage)
             ... on level 10 of the Dungeon.
             The game lasted 00:22:10 (10247 turns).

NateTC the Basher (Gargoyle Fighter)               Turns: 10247, Time: 00:22:10

Health: -8/74      AC: 24    Str: 24    XL:     11   Next: 34%
Magic:  13/14      EV: 11    Int:  9    God:    Okawaru [*****.]
Gold:   457        SH: 18    Dex: 15    Spells: 10/10 levels left

rFire   . . .        j - +0 morningstar (flame)
rCold   . . .        D - +0 tower shield
rNeg    + . .        b - +0 scale mail
rPois   ∞            u - +1 helmet
rElec   +            g - +2 cloak
rCorr   .            (no gloves)
SInv    .            d - +0 pair of boots
Will    +....        C - amulet of the acrobat
Stlth   ++           k - ring of willpower
HPRegen 0.32/turn    B - +6 ring of dexterity
MPRegen 0.14/turn

%: acrobat
@: heroic
A: sickness immunity, AC +8, negative energy resistance 1, electricity
resistance, torment resistance 1, petrification resistance
a: Renounce Religion, Heroism, Finesse, Duel


You were on level 10 of the Dungeon.
You worshipped Okawaru.
Okawaru was extremely pleased with you.
You visited 1 branch of the dungeon, and saw 10 of its levels.
You also visited: Ossuary.

You collected 457 gold pieces.

Inventory:

Hand Weapons
 j - a +0 morningstar of flaming (weapon)
Armour
 b - a +0 scale mail (worn)
 c - a +1 buckler
 d - a +0 pair of boots (worn)
 g - a +2 cloak (worn)
 u - a +1 helmet (worn)
 D - a +0 tower shield (worn)
Jewellery
 k - a ring of willpower (left hand)
 B - a +6 ring of dexterity (right hand)
 C - an amulet of the acrobat (around neck)
Wands
 a - a wand of iceblast (19)
 l - a wand of mindburst (14)
 t - a wand of light (12)
 A - a wand of flame (19)
Scrolls
 h - a scroll of revelation
 m - 4 scrolls of blinking
 n - a scroll of poison
 o - a scroll of fog
 p - a scroll of noise
 s - a scroll of silence
 y - 2 scrolls of immolation
 E - a scroll of teleportation
 H - a scroll of vulnerability
 I - a scroll of fear
 J - a scroll of identify
Potions
 e - 2 potions of cancellation
 f - 5 potions of magic
 i - 2 potions of attraction
 q - 4 potions of invisibility
 r - 2 potions of brilliance
 v - 2 potions of mutation
 w - 2 potions of haste
 x - 2 potions of enlightenment {unknown}
 z - 3 potions of might
 F - 3 potions of berserk rage
 G - a potion of lignification {unknown}


   Skills:
 + Level 11.1(16.1) Fighting
 + Level 11.3(16.3) Maces & Flails
 - Level 6.2(11.2) Armour
 - Level 8.3(13.3) Shields
 - Level 4.0 Invocations


You had 10 spell levels left.
You didn't know any spells.
Your spell library contained the following spells:

 Spells                   Type           Power      Damage    Failure   Level
 Sandblast                Erth           0%         2d4       92%         1
 Slow                     Hex            0%         N/A       92%         1
 Confusing Touch          Hex            0%         N/A       100%        3
 Passwall                 Erth           0%         N/A       100%        3
 Sigil of Binding         Hex            0%         N/A       100%        3
 Stone Arrow              Conj/Erth      0%         3d7       100%        3
 Vampiric Draining        Necr           0%         2d6       100%        3
 Brom's Barrelling Bould  Conj/Erth      0%         2d3       100%        4
 Dimensional Bullseye     Hex/Tloc       0%         N/A       100%        4
 Iskenderun's Mystic Bla  Conj/Tloc      0%         2d3       100%        4
 Tukima's Dance           Hex            Unusable   N/A       N/A         3

Dungeon Overview and Level Annotations

Branches:
Dungeon (10/15) Zot: 26245  Temple (0/1) D:4            Lair (0/5) D:10
    Orc (0/2) D:10        Ossuary (visited)

Altars:
Ashenzari
Cheibriados
Fedhas
Gozag
Okawaru
Ru
Vehumet
Yredelemnul
Zin

Shops:
D:6 (

Annotations:
D:2 1 runed translucent door, Crazy Yiuf
D:10 Sonja


Innate Abilities, Weirdness & Mutations

You are immune to sickness and miasma.
Your stone body is resilient. (AC +8)
You are immune to poison.
You resist negative energy. (rN+)
You are resistant to electric shocks. (rElec)
You are resistant to unholy torment.
You are immune to petrification.


Message History

Sonja bows elegantly.
Sonja throws a curare-tipped dart.
The curare-tipped dart closely misses you.
You barely miss Sonja. You block Sonja's attack.
Sonja hits you but does no damage. Space warps horribly around you!!
You block Sonja's attack.
Sonja gestures wildly while chanting.
Sonja blinks!
You completely miss Sonja. Sonja hits you but does no damage.
Space warps around you. Sonja hits you but does no damage.
You blink.
Okay, then.
You gain the combat prowess of a mighty hero.
Sonja mumbles some strange words.
Sonja blinks!
Sonja throws a curare-tipped dart.
You block the curare-tipped dart. You block Sonja's attack.
Sonja completely misses you. You block Sonja's attack.
You completely miss Sonja. You block Sonja's attack. Sonja barely misses you.
You block Sonja's attack.
You miss Sonja.
Sonja gestures wildly while chanting.
Sonja blinks!
Sonja throws a curare-tipped dart.
The curare-tipped dart closely misses you.
Sonja gestures wildly while chanting.
Sonja blinks!
Sonja hits you with a +2 short sword of distortion.
Space warps around you. Sonja hits you but does no damage.
Space warps around you. Sonja misses you.
You closely miss Sonja. You block Sonja's attack. x2
Sonja hits you but does no damage. Space warps horribly around you!!
* * * LOW HITPOINT WARNING * * *
You sock Sonja! You burn Sonja.
Sonja is heavily wounded.
Sonja says, "If only old Madame Brzewit could see me now!"
Sonja hits you with a +2 short sword of distortion.
* * * LOW HITPOINT WARNING * * *
Space warps horribly around you!
You die...
Sonja says, "Show's over."

#....# #...#
#........
##....# #...#
#........
......# #...#
#........
......####...#
#....#...
#.........§.#
#....##..
#........)..#
#....####
#...........#
#........
#...........#
#....####
#..<..K@....#
#....#
#...........#
#....#
#...........#
#....#
#...........#
#)...#
#...........#
#....#
#...........#
#....#
#############
######


You could see Sonja.

Vanquished Creatures
  Erolcha (D:10)
  2 two-headed ogres
  A cyclops (D:10)
  Maggie (D:8)
  Psyche (D:9)
  Prince Ribbit (D:7)
  Sigmund (D:2)
  A shadow (D:10)
  A wyvern (D:8)
  2 yaks (D:9)
  Grum (D:8)
  Menkaure (D:4)
  A steam dragon (D:9)
  2 water moccasins
  Duvessa (D:4)
  4 orc warriors
  4 black bears
  2 ice beasts
  A sky beast (D:7)
  A centaur (D:9)
  2 ogres
  5 wolves
  A kobold brigand (D:10)
  3 bullfrogs
  A gnoll sergeant (D:8)
  A scorpion (D:6)
  5 wights (D:8)
  Dowan (D:4)
  15 killer bees
  2 howler monkeys (D:10)
  An electric eel (D:9)
  A bombardier beetle (D:7)
  2 centaur zombies (Ossuary)
  2 jellies
  A hound (D:7)
  A gnoll bouda (D:8)
  9 orc priests
  2 sleepcaps
  Ijyb (D:5)
  Terence (D:2)
  Natasha (D:2)
  2 iguanas
  9 orc wizards
  4 crocodile zombies (Ossuary)
  2 mummies (Ossuary)
  8 adders
  9 gnolls
  2 ufetubi (D:7)
  4 dart slugs
  2 ribbon worms (D:2)
  27 orcs
  4 ball pythons
  8 bats
  7 endoplasms
  A giant cockroach (D:3)
  5 goblins
  9 hobgoblins
  11 kobolds
  3 quokkas
  3 frilled lizards
  2 gnoll zombies (Ossuary)
  3 kobold zombies (Ossuary)
  6 rats
219 creatures vanquished.

Notes
Turn   | Place    | Note
-------+----------+-------------------------------------------
     0 | D:1      | NateTC the Gargoyle Fighter began the quest for the Orb.
     0 | D:1      | Reached XP level 1. HP: 14/14 MP: 1/1
   306 | D:1      | Reached XP level 2. HP: 15/20 MP: 2/2
   821 | D:2      | Reached XP level 3. HP: 21/24 MP: 3/3
   919 | D:2      | Noticed Terence
   941 | D:2      | Killed Terence
   942 | D:2      | Reached skill level 5 in Fighting
  1006 | D:2      | Noticed Sigmund
  1018 | D:2      | Killed Sigmund
  1019 | D:2      | Reached XP level 4. HP: 24/34 MP: 4/4
  1019 | D:2      | Reached XP level 5. HP: 27/38 MP: 5/5
  1019 | D:2      | Reached XP level 6. HP: 31/44 MP: 6/6
  1407 | D:2      | Noticed Natasha
  1412 | D:2      | Killed Natasha
  1800 | D:2      | Found a runed translucent door.
  1801 | D:2      | Noticed Crazy Yiuf
  2215 | D:3      | HP: 2/44 [gnoll/+0 flail (5)]
  2671 | D:3      | Found a faded altar of an unknown god.
  2987 | D:4      | Found a basalt altar of Yredelemnul.
  2989 | D:4      | Found a broken altar of Ashenzari.
  2989 | D:4      | Found a snail-covered altar of Cheibriados.
  2989 | D:4      | Found an iron altar of Okawaru.
  2990 | D:4      | Found a blossoming altar of Fedhas.
  2990 | D:4      | Found a sacrificial altar of Ru.
  2990 | D:4      | Found an opulent altar of Gozag.
  2990 | D:4      | Found a glowing silver altar of Zin.
  2990 | D:4      | Noticed Menkaure
  3005 | D:4      | Killed Menkaure
  3006 | D:4      | Reached XP level 7. HP: 20/48 MP: 7/7
  3045 | D:4      | HP: 1/48 [ogre/+0 giant club (17)]
  3201 | D:4      | Found a staircase to the Ecumenical Temple.
  3235 | D:4      | Found a sand-covered staircase.
  3277 | Ossuary  | Entered an ossuary
  3300 | Ossuary  | Reached skill level 5 in Maces & Flails
  3436 | Ossuary  | Reached skill level 5 in Armour
  3705 | D:4      | Noticed Dowan
  3706 | D:4      | Noticed Duvessa
  3730 | D:4      | Killed Duvessa
  3731 | D:4      | Reached XP level 8. HP: 23/53 MP: 8/8
  3737 | D:4      | HP: 1/53 [Dowan/shard of ice (23)]
  3748 | D:4      | Killed Dowan
  4039 | D:4      | Became a worshipper of Warmaster Okawaru
  4405 | D:5      | Entered Level 5 of the Dungeon
  4409 | D:5      | Identified the +5 mace "Haeboej" {pain, rElec}
  4622 | D:5      | Noticed Ijyb
  4634 | D:5      | Killed Ijyb
  5344 | D:6      | Found Fuumpis's Weapon Boutique.
  5476 | D:6      | Reached skill level 1 in Invocations
  5520 | D:6      | Identified the +4 falchion of Armageddon {heavy, rC+}
  5628 | D:6      | Reached * piety under Okawaru
  5629 | D:6      | Reached XP level 9. HP: 42/57 MP: 10/10
  6481 | D:7      | Noticed Prince Ribbit
  6509 | D:7      | Killed Prince Ribbit
  6826 | D:7      | Reached ** piety under Okawaru
  6827 | D:7      | Reached skill level 5 in Shields
  6935 | D:7      | HP: 2/57 [killer bee (4)]
  7450 | D:8      | Reached XP level 10. HP: 61/64 MP: 13/13
  7499 | D:8      | Reached *** piety under Okawaru
  7552 | D:8      | Found a radiant altar of Vehumet.
  7700 | D:8      | Noticed Maggie
  7736 | D:8      | Killed Maggie
  8121 | D:8      | Noticed Grum
  8133 | D:8      | Killed Grum
  8529 | D:9      | Reached **** piety under Okawaru
  8582 | D:9      | Noticed Psyche
  8604 | D:9      | Killed Psyche
  8767 | D:9      | Noticed a two-headed ogre
  8777 | D:9      | Killed a two-headed ogre
  8778 | D:9      | Reached skill level 10 in Maces & Flails
  9508 | D:10     | Entered Level 10 of the Dungeon
  9589 | D:10     | Reached skill level 10 in Fighting
  9597 | D:10     | Found a staircase to the Orcish Mines.
  9629 | D:10     | Reached XP level 11. HP: 36/72 MP: 14/14
  9780 | D:10     | Noticed a cyclops
  9787 | D:10     | Killed a cyclops
  9787 | D:10     | Reached ***** piety under Okawaru
  9802 | D:10     | Found a staircase to the Lair.
  9970 | D:10     | Noticed a two-headed ogre
  9978 | D:10     | Killed a two-headed ogre
 10116 | D:10     | Noticed Erolcha
 10126 | D:10     | Killed Erolcha
 10226 | D:10     | Noticed Sonja
 10247 | D:10     | Mangled by Sonja

Illustrated notes

Levels and vault maps discovered:
D:1:      minmay_arrival_checkered_box, layout_basic, serial_curves,
          eino_curves_03, eino_curves_02
D:2:      layout_basic, uniq_sigmund, uniq_natasha, uniq_crazy_yiuf_cottage,
          uniq_terence
D:3:      layout_basic, shapermc_ecumenical_altar_pompeii
D:4:      layout_loops_ring, grunt_temple_overflow_open,
          minmay_temple_entry_proselytizer, nicolae_ossuary_entry_monument,
          uniq_menkaure, uniq_duvessa
D:5:      layout_gridville, nicolae_overflow_hidden_temple, uniq_ijyb
D:6:      layout_layer_cave, serial_shops, shop
D:7:      layout_cave_pools, serial_bayou_pond_d, uniq_prince_ribbit1
D:8:      layout_basic, nicolae_vehumet_radiance, uniq_maggie, uniq_grum
D:9:      layout_loops_corners, kennysheep_opposing_triangles, uniq_psyche
D:10:     layout_small_grid, erik_lair_orcish_takeover, erik_orc_3,
          kennysheep_generic_room_13, uniq_erolcha, uniq_sonja, uniq_joseph

Skill      XL: |  1  2  3  4  5  6  7  8  9 10 11 |
---------------+----------------------------------+-----
Fighting       | 4 7 10 11 | 11.1
Maces & Flails | 4 5 7 9 10 11 | 11.3
Armour         | 4 5 6 |  6.2
Invocations    | 2 4 |  4.0
Shields        | 4 6 8 |  8.3

Action                     |  1- 3 |  4- 6 |  7- 9 | 10-12 || total
---------------------------+-------+-------+-------+-------++-------
  Melee: Flail             |    78 |   173 |   143 |    62 ||   456
         Mace              |       |       |   255 |    32 ||   287
         Morningstar       |       |       |       |   195 ||   195
         Unarmed           |       |       |       |     8 ||     8
 Invoke: Heroism           |       |       |       |     1 ||     1
    Use: Scroll            |     3 |     5 |    14 |     4 ||    26
         Potion            |     1 |     1 |     6 |       ||     8
   Stab: Invisible         |       |     1 |       |       ||     1
 Armour: Scale mail        |    69 |   168 |   469 |   190 ||   896
         Skin              |       |       |       |     2 ||     2
  Dodge: Dodged            |    46 |    89 |   240 |    60 ||   435
  Block: Buckler           |     9 |    28 |    65 |       ||   102
         Tower shield      |       |       |   267 |   234 ||   501

Table legend: (Time is in decaauts)
 A = Elapsed time spent in this place.
 B = Non-inter-level travel time spent in this place.
 C = Inter-level travel time spent in this place.
 D = Time resting spent in this place.
 E = Time spent auto-exploring this place.
 F = Levels seen in this place.
 G = Mean time per level.
                   A        B        C        D        E       F      G
               +--------+--------+--------+--------+--------+-----+--------+
         Total |  10451 |  10189 |    262 |   1473 |   5974 |  11 |  950.1 |
       Dungeon |  10084 |   9822 |    262 |   1260 |   5974 |  10 | 1008.4 |
       Ossuary |    367 |    367 |      0 |    213 |      0 |   1 |  367.0 |
               +--------+--------+--------+--------+--------+-----+--------+

Top non-repeatable levels by time:
     D:2: 1483 daAuts
     D:6: 1342 daAuts
     D:9: 1265 daAuts
     D:4: 1080 daAuts
     D:8: 969 daAuts
     D:7: 869 daAuts
     D:3: 817 daAuts
     D:1: 761 daAuts
    D:10: 754 daAuts
     D:5: 741 daAuts
 Ossuary: 367 daAuts
